 Dungeon Crawl Stone Soup version 0.32-a0-699-g1ee5eff69a (webtiles) character file.

Game seed: 6191889627760029766

407 Malificent the Slasher (level 6, -7/45 (51) HPs)
             Began as a Gnoll Reaver on Mar 13, 2024.
             Was a Follower of Qazlal.
             Killed from afar by an orc wizard (9 damage)
             ... with a magic dart
             ... on level 4 of the Dungeon.
             The game lasted 00:08:36 (2914 turns).

Malificent the Slasher (Gnoll Reaver)               Turns: 2914, Time: 00:08:37

HP:   -7/45 (51)    AC:  5    Str: 12    XL:     6   Next: 88%
MP:   14/14         EV: 11    Int: 14    God:    Qazlal [*.....]
Gold: 91            SH:  2    Dex: 10    Spells: 13/16 levels left

rFire   + . .        a - +0 spear (freeze)
rCold   . . .        (no shield)
rNeg    . . .        m - +0 leather armour
rPois   .            (no helmet)
rElec   .            (no cloak)
rCorr   .            h - +1 pair of gloves
SInv    .            (no boots)
Will    .....        (no amulet)
Stlth   +            d - ring of protection from fire
HPRegen 0.27/turn    i - ring of flight
MPRegen 0.14/turn

%: no passive effects
@: brilliant, flying, heavily drained
A: fangs 1, strong nose, distributed training, deterioration 1, MP-powered wands
a: Renounce Religion


You were on level 4 of the Dungeon.
You worshipped Qazlal.
Qazlal was aware of your devotion.
You visited 1 branch of the dungeon, and saw 4 of its levels.

You collected 91 gold pieces.

Inventory:

Hand Weapons
 a - a +0 spear of freezing (weapon)
 b - a +0 arbalest
 g - a +0 falchion
Missiles
 k - 2 atropa-tipped darts
Armour
 h - a +1 pair of gloves (worn)
 m - a +0 leather armour (worn)
 o - a +0 pair of boots
Jewellery
 d - a ring of protection from fire (left hand)
 i - a ring of flight (right hand)
Scrolls
 f - a scroll of revelation
 j - 2 scrolls of teleportation
 l - a scroll of poison {unknown}
 n - 4 scrolls of identify {unknown}
Potions
 e - 2 potions of curing


   Skills:
 + Level 5.1 Fighting
 + Level 2.2 Short Blades
 + Level 6.9 Long Blades
 + Level 2.2 Axes
 + Level 2.2 Maces & Flails
 + Level 2.2 Polearms
 + Level 2.2 Staves
 + Level 2.2 Ranged Weapons
 + Level 2.2 Throwing
 + Level 2.2 Armour
 + Level 5.1 Dodging
 + Level 2.2 Stealth
 + Level 2.2 Shields
 + Level 2.2 Unarmed Combat
 + Level 5.5 Spellcasting
 + Level 5.7 Conjurations
 + Level 1.8 Hexes
 + Level 1.8 Summonings
 + Level 1.8 Necromancy
 + Level 1.8 Translocations
 + Level 1.8 Fire Magic
 + Level 1.8 Ice Magic
 + Level 1.8 Air Magic
 + Level 1.8 Earth Magic
 + Level 1.8 Alchemy
 + Level 2.5 Invocations
 + Level 2.2 Evocations
 + Level 2.0 Shapeshifting


You had 13 spell levels left.
You knew the following spells:

 Your Spells              Type           Power      Damage    Failure   Level
a - Kiss of Death         Conj/Necr      84%        2d11      4%          1
b - Momentum Strike       Conj/Tloc      42%        3d9       7%          2

Your spell library contained the following spells:

 Spells                   Type           Power      Damage    Failure   Level
 Hailstorm                Conj/Ice       21%        3d7       13%         3


Dungeon Overview and Level Annotations

Branches:
Dungeon (4/15)
 Temple: D:4-7

Altars:
Qazlal

Annotations:
D:3 3 runed translucent doors, Shayle's ghost, amateur CoAl


Innate Abilities, Weirdness & Mutations

You have very sharp teeth.
Your uncanny sense of smell can sniff out nearby items.
Your experience applies equally to all skills.
Your body sometimes deteriorates upon taking damage.
You expend magic power (3 MP) to strengthen your wands.


Message History

You hit something. You freeze something. Something hits you but does no damage.
You miss something. Your bite misses something.
You hear some strange, mumbled words.
A puff of flame appears from out of thin air!
The puff of flame hits you. You resist.
You hit something but do no damage.
You hear some strange, mumbled words.
A magic dart appears from out of thin air!
The magic dart hits you.
You hit something. You freeze something. Something hits you.
* * * LOW HITPOINT WARNING * * *
You hit something but do no damage. Your bite misses something.
Something completely misses you.
You miss something. You bite something. You hit the orc. You freeze the orc.
The orc is heavily wounded.
Something hits you.
* * * LOW HITPOINT WARNING * * *
The orc closely misses you.
You hit the orc. You freeze the orc.
You kill the orc!
Qazlal accepts your kill. Something hits you.
* * * LOW HITPOINT WARNING * * *
You closely miss the orc. Something hits you but does no damage.
The orc misses you.
You barely miss the orc. The orc hits you with a +0 whip.
* * * LOW HITPOINT WARNING * * *
You hear some strange, mumbled words.
A puff of flame appears from out of thin air!
The puff of flame hits you. You resist.
* * * LOW HITPOINT WARNING * * *
You barely miss the orc. The orc closely misses you.
Something hits you but does no damage.
Unknown command.
You miss something.
You hear some strange, mumbled words.
A magic dart appears from out of thin air!
The magic dart hits you!
You die...

#...# ###.##
..... #..##
##.....
##..###
...o...
##...###
......
###...##o.).#
###..#....#
##{#)...#
#@o....#
###....#
....# ......>
#####.. #


You could see an orc.

Vanquished Creatures
  Sigmund (D:2)
  A scorpion (D:4)
  A bombardier beetle (D:4)
  2 orc priests (D:4)
  Terence (D:2)
  2 adders
  2 dart slugs (D:1)
  An orc (D:4)
  10 ball pythons
  9 endoplasms
  2 giant cockroaches
  7 goblins
  3 hobgoblins
  3 jackals (D:4)
  4 kobolds
  2 quokkas
  3 bats (D:1)
  5 frilled lizards
  8 rats
67 creatures vanquished.

Notes
Turn   | Place    | Note
-------+----------+-------------------------------------------
     0 | D:1      | Malificent the Gnoll Reaver began the quest for the Orb.
     0 | D:1      | Reached XP level 1. HP: 20/20 MP: 6/6
    89 | D:1      | Reached XP level 2. HP: 26/26 MP: 7/7
   407 | D:1      | Reached skill level 5 in Spellcasting
   407 | D:1      | Reached XP level 3. HP: 31/31 MP: 7/9
   605 | D:1      | Learned a level 2 spell: Momentum Strike
   786 | D:2      | Noticed Terence
   791 | D:2      | Reached skill level 1 in Invocations
   791 | D:2      | Killed Terence
   792 | D:2      | Reached skill level 1 in Short Blades
   792 | D:2      | Reached skill level 1 in Axes
   792 | D:2      | Reached skill level 1 in Maces & Flails
   792 | D:2      | Reached skill level 1 in Polearms
   792 | D:2      | Reached skill level 1 in Staves
   792 | D:2      | Reached skill level 1 in Ranged Weapons
   792 | D:2      | Reached skill level 1 in Throwing
   792 | D:2      | Reached skill level 1 in Armour
   792 | D:2      | Reached skill level 1 in Stealth
   792 | D:2      | Reached skill level 1 in Shields
   792 | D:2      | Reached skill level 1 in Unarmed Combat
   792 | D:2      | Reached skill level 1 in Evocations
   792 | D:2      | Reached skill level 1 in Shapeshifting
   792 | D:2      | Reached XP level 4. HP: 38/38 MP: 8/11
  1127 | D:2      | Found a faded altar of an unknown god.
  1163 | D:2      | Reached skill level 1 in Hexes
  1163 | D:2      | Reached skill level 1 in Summonings
  1163 | D:2      | Reached skill level 1 in Necromancy
  1163 | D:2      | Reached skill level 1 in Translocations
  1163 | D:2      | Reached skill level 1 in Fire Magic
  1163 | D:2      | Reached skill level 1 in Ice Magic
  1163 | D:2      | Reached skill level 1 in Air Magic
  1163 | D:2      | Reached skill level 1 in Earth Magic
  1163 | D:2      | Reached skill level 1 in Alchemy
  1180 | D:2      | Prayed at the altar of an unknown god.
  1180 | D:2      | Became a worshipper of Qazlal Stormbringer
  1180 | D:2      | Reached * piety under Qazlal
  1197 | D:2      | Noticed Sigmund
  1206 | D:2      | Killed Sigmund
  1207 | D:2      | Reached XP level 5. HP: 24/43 MP: 9/12
  1207 | D:2      | Reached XP level 6. HP: 28/50 MP: 9/13
  1597 | D:2      | Gained mutation: Your body sometimes deteriorates upon
                  | taking damage. [potion of mutation]
  1597 | D:2      | Gained mutation: You expend magic power (3 MP) to
                  | strengthen your wands. [potion of mutation]
  1669 | D:3      | Noticed Shayle's ghost (amateur CoAl)
  1678 | D:3      | Found a runed translucent gate.
  1678 | D:3      | Found a runed translucent gate.
  1678 | D:3      | Found a runed translucent gate.
  2408 | D:4      | Reached skill level 5 in Fighting
  2408 | D:4      | Reached skill level 5 in Dodging
  2912 | D:4      | HP: 1/45 [something/puff of flame (2)]
  2914 | D:4      | Killed from afar by an orc wizard

Illustrated notes

Levels and vault maps discovered:
D:1:      lightli_arrival_maybe_door_vault, layout_basic
D:2:      layout_loops_ring, hellmonk_ecumenical_altar_run_dry, uniq_terence,
          uniq_sigmund
D:3:      layout_basic, gammafunk_ghost_icy, minmay_shallow_snake_nest
D:4:      layout_basic, uniq_blork_the_orc, uniq_ijyb, uniq_eustachio

Skill      XL: |  1  2  3  4  5  6 |
---------------+-------------------+-----
Spellcasting   | 5 |  5.5
Invocations    | 1 2 |  2.5
Short Blades   | 1 2 |  2.2
Axes           | 1 2 |  2.2
Maces & Flails | 1 2 |  2.2
Polearms       | 1 2 |  2.2
Staves         | 1 2 |  2.2
Ranged Weapons | 1 2 |  2.2
Throwing       | 1 2 |  2.2
Armour         | 1 2 |  2.2
Stealth        | 1 2 |  2.2
Shields        | 1 2 |  2.2
Unarmed Combat | 1 2 |  2.2
Evocations     | 1 2 |  2.2
Shapeshifting  | 1 2 |  2.0
Hexes          | 1 |  1.8
Summonings     | 1 |  1.8
Necromancy     | 1 |  1.8
Translocations | 1 |  1.8
Fire Magic     | 1 |  1.8
Ice Magic      | 1 |  1.8
Air Magic      | 1 |  1.8
Earth Magic    | 1 |  1.8
Alchemy        | 1 |  1.8
Fighting       | 5 |  5.1
Dodging        | 5 |  5.1
Long Blades    | |  6.9
Conjurations   | |  5.7

Action                     |  1- 3 |  4- 6 || total
---------------------------+-------+-------++-------
  Melee: Falchion          |    37 |       ||    37
         Bite              |     1 |    12 ||    13
         Spear             |    17 |   137 ||   154
   Fire: Arbalest          |       |    13 ||    13
   Cast: Momentum Strike   |     1 |     1 ||     2
         Kiss of Death     |       |     1 ||     1
    Use: Scroll            |     2 |     2 ||     4
         Potion            |       |     6 ||     6
   Stab: Sleeping          |     1 |       ||     1
 Armour: Leather armour    |    25 |    94 ||   119
  Dodge: Dodged            |    36 |    77 ||   113
  Block: Other             |       |     5 ||     5

Table legend: (Time is in decaauts)
 A = Elapsed time spent in this place.
 B = Non-inter-level travel time spent in this place.
 C = Inter-level travel time spent in this place.
 D = Time resting spent in this place.
 E = Time spent auto-exploring this place.
 F = Levels seen in this place.
 G = Mean time per level.
                   A        B        C        D        E       F      G
               +--------+--------+--------+--------+--------+-----+--------+
         Total |   2925 |   2871 |     54 |    356 |   1767 |   4 |  731.2 |
       Dungeon |   2925 |   2871 |     54 |    356 |   1767 |   4 |  731.2 |
               +--------+--------+--------+--------+--------+-----+--------+

Top non-repeatable levels by time:
     D:2: 895 daAuts
     D:1: 728 daAuts
     D:3: 661 daAuts
     D:4: 639 daAuts
